 Dungeon Crawl Stone Soup version 0.29-a0-923-g6e406bff71 (webtiles) character file.

Game seed: 14812727859245721313

45 Iscandelvey the Shooter (level 3, 27/27 HPs)
             Began as a Demonspawn Wanderer on July 27, 2022.
             Quit the game on level 1 of the Dungeon.
             The game lasted 00:01:13 (850 turns).

Iscandelvey the Shooter (Demonspawn Wanderer)        Turns: 850, Time: 00:01:13

Health: 27/27      AC:  6    Str: 11    XL:     3   Next: 42%
Magic:  6/6        EV:  8    Int: 17    God:
Gold:   64         SH:  0    Dex: 11    Spells: 5/6 levels left

rFire   . . .      SeeInvis .   a - +2 sling
rCold   . . .      Faith    .   (no shield)
rNeg    . . .      Spirit   .   b - +0 scale mail
rPois   .          Reflect  .   (helmet restricted)
rElec   .          Harm     .   (no cloak)
rCorr   .          Rampage  .   (no gloves)
Will    .....                   (no boots)
Stlth   ..........              (no amulet)
HPRegen 0.09/turn               (no ring)
MPRegen 0.10/turn               (no ring)

@: no status effects
A: antennae 1, spiny 1
a: no special abilities


You were on level 1 of the Dungeon.
You visited 1 branch of the dungeon, and saw 1 of its levels.

You collected 64 gold pieces.

Inventory:

Hand Weapons
 a - a +2 sling (weapon)
Armour
 b - a +0 scale mail (worn)
Jewellery
 f - a ring of fire
Scrolls
 c - a scroll of teleportation
 d - a scroll of magic mapping {unknown}
 h - a scroll of vulnerability {unknown}
 i - a scroll of identify {unknown}
Potions
 e - a potion of cancellation {unknown}
 g - a potion of flight {unknown}


   Skills:
 + Level 1.7 Fighting
 + Level 3.0 Ranged Weapons
 + Level 2.2 Armour
 + Level 2.3 Spellcasting
 + Level 2.2 Earth Magic


You had 5 spell levels left.
You knew the following spells:

 Your Spells              Type           Power      Damage    Failure   Level
a - Sandblast             Erth           18%        2d7       38%         1

Your spell library contained the following spells:

 Spells                   Type           Power      Damage    Failure   Level
 Stone Arrow              Conj/Erth      10%        3d7       90%         3


Dungeon Overview and Level Annotations

Branches:
Dungeon (1/15)

Altars:


Innate Abilities, Weirdness & Mutations

You have a pair of small antennae on your head.
You are partially covered in sharp spines.


Message History

The endoplasm hits you.
An endoplasm is nearby!
You shoot a sling bullet. The sling bullet hits the endoplasm.
You kill the endoplasm!
A bat comes into view.
You shoot a sling bullet.
The sling bullet hits the bat but does no damage.
The bat hits you but does no damage.
You shoot a sling bullet.
The sling bullet hits the bat but does no damage.
The bat is struck by your spines. The bat hits you but does no damage.
You shoot a sling bullet. The sling bullet hits the bat.
You kill the bat!
You now have 48 gold pieces (gained 10).
A kobold comes into view. It is wielding a +0 dagger.
The kobold shouts!
The kobold throws a stone.
The stone closely misses you.
You shoot a sling bullet. The sling bullet hits the kobold.
The kobold is moderately wounded.
A kobold is nearby!
You shoot a sling bullet.
The sling bullet hits the kobold but does no damage.
The kobold is moderately wounded.
A kobold is nearby!
You shoot a sling bullet. The sling bullet hits the kobold.
You kill the kobold!
You now have 64 gold pieces (gained 16).
i - a scroll labelled BAICAU WACAQA No target in view!
Key pressed, stopping explore.
No target in view!
Done exploring.
No target in view!
Done exploring.
No target in view!
Done exploring.
No target in view!
No target in view!
Done exploring.
Are you sure you want to abandon this character and quit the game? (Confirm with "yes".)

######
##############.....
#...........##.####
#.###..####.##.####
#.###..####.##.##..
#.#................
#.#.#..####.##.#..#
#.#.#..##..........
#.@......#...##...#
###.###...#..##..#.
#.# #....#....#..
#.# ##....#..#...
#.# #.##.รท##..##
#.# #.##..##..##
#.# #....#..#...
#.# ##...#....#..
#.# #...#..##.)#.


There were no monsters in sight!

Vanquished Creatures
  2 dart slugs (D:1)
  2 ball pythons (D:1)
  4 endoplasms (D:1)
  4 giant cockroaches (D:1)
  A goblin (D:1)
  4 hobgoblins (D:1)
  4 jackals (D:1)
  4 kobolds (D:1)
  A quokka (D:1)
  5 bats (D:1)
  A frilled lizard (D:1)
  3 rats (D:1)
35 creatures vanquished.

Notes
Turn   | Place    | Note
-------+----------+-------------------------------------------
     0 | D:1      | Iscandelvey the Demonspawn Wanderer began the quest for the
                  | Orb.
     0 | D:1      | Iscandelvey set off with the following items: a +2 sling, a
                  | +0 scale mail, a scroll of teleportation; and the following
                  | spell memorised: Sandblast; and the following spells
                  | available to memorise: Stone Arrow.
     0 | D:1      | Reached XP level 1. HP: 15/15 MP: 3/3
   102 | D:1      | Gained mutation: You have a pair of small antennae on your
                  | head. [demonic ancestry]
   102 | D:1      | Reached XP level 2. HP: 21/21 MP: 5/5
   454 | D:1      | Gained mutation: You are partially covered in sharp spines.
                  | [demonic ancestry]
   454 | D:1      | Reached XP level 3. HP: 26/26 MP: 6/6
   553 | D:1      | Reached skill level 3 in Ranged Weapons
   850 | D:1      | Quit the game

Illustrated notes

Levels and vault maps discovered:
D:1:      psy_arrival_terrarium, layout_loops_cross, minivault_26

Skill      XL: |  1  2  3 |
---------------+----------+-----
Armour         | 2 |  2.2
Earth Magic    | 2 |  2.2
Ranged Weapons | 3 |  3.0
Fighting       | |  1.7
Spellcasting   | |  2.3

Action                   || total
-------------------------++-------
 Fire: Sling             ||    96
Armor: Scale mail        ||    38
Dodge: Dodged            ||    33

Table legend: (Time is in decaauts)
 A = Elapsed time spent in this place.
 B = Non-inter-level travel time spent in this place.
 C = Inter-level travel time spent in this place.
 D = Time resting spent in this place.
 E = Time spent auto-exploring this place.
 F = Levels seen in this place.
 G = Mean time per level.
                   A        B        C        D        E       F      G
               +--------+--------+--------+--------+--------+-----+--------+
         Total |    900 |    900 |      0 |    125 |    590 |   1 |  900.0 |
       Dungeon |    900 |    900 |      0 |    125 |    590 |   1 |  900.0 |
               +--------+--------+--------+--------+--------+-----+--------+

Top non-repeatable levels by time:
     D:1: 900 daAuts
